 Dungeon Crawl Stone Soup version 0.31-a0-177-g4aa6249778 (webtiles) character file.

Game seed: 10189278680232308672

4928 Hajna the Covert (level 10, -4/61 HPs)
             Began as a Kobold Enchanter on June 19, 2023.
             Was a Follower of Dithmenos.
             Killed by divine providence
             ... invoked by an orc priest
              (13 damage)
             ... on level 10 of the Dungeon.
             The game lasted 00:31:33 (8295 turns).

Hajna the Covert (Kobold Enchanter)                 Turns: 8295, Time: 00:31:33

Health: -4/61      AC: 10    Str:  7    XL:     10   Next: 81%
Magic:  19/19      EV: 23    Int: 16    God:    Dithmenos [*.....]
Gold:   630        SH:  0    Dex: 25    Spells: 5/21 levels left

rFire   . . .        g - +3 dagger (protect)
rCold   . . .        (no shield)
rNeg    . . .        M - +0 steam dragon scales
rPois   .            v - +0 helmet
rElec   .            (no cloak)
rCorr   .            j - +2 pair of gloves
SInv    .            e - +0 pair of boots
Will    .....        (no amulet)
Stlth   ++++++++     F - +6 ring of dexterity
HPRegen 0.30/turn    J - +5 ring of evasion
MPRegen 0.16/turn

%: no passive effects
@: about to teleport, wreathed by umbra
A: small, no large weapons, nightstalker 3
a: Renounce Religion


You were on level 10 of the Dungeon.
You worshipped Dithmenos.
Dithmenos was aware of your devotion.
You visited 1 branch of the dungeon, and saw 10 of its levels.

You collected 630 gold pieces.

Inventory:

Hand Weapons
 g - a +3 dagger of protection (weapon)
Missiles
 q - a throwing net
 y - 12 poisoned darts
Armour
 e - a +0 pair of boots (worn)
 j - a +2 pair of gloves (worn)
 v - a +0 helmet (worn)
 M - +0 steam dragon scales (worn)
Jewellery
 a - a ring of ice
 F - a +6 ring of dexterity (left hand)
 J - a +5 ring of evasion (right hand)
 L - a ring of resist corrosion
Wands
 b - a wand of iceblast (5)
 l - a wand of flame (7)
 r - a wand of polymorph (5)
Scrolls
 f - 5 scrolls of fear
 h - 4 scrolls of poison
 k - 7 scrolls of identify
 m - a scroll of enchant weapon
 n - a scroll of teleportation
 o - a scroll of brand weapon {unknown}
 s - 2 scrolls of amnesia {unknown}
 t - a scroll of immolation {unknown}
 I - a scroll of summoning {unknown}
 K - a scroll of fog {unknown}
Potions
 c - 2 potions of invisibility
 d - 2 potions of attraction
 i - 3 potions of curing
 p - 2 potions of enlightenment {unknown}
 w - 2 potions of mutation {unknown}
 x - 5 potions of haste {unknown}
 z - 3 potions of magic {unknown}
 A - a potion of brilliance {unknown}
 C - a potion of ambrosia {unknown}
 D - a potion of resistance {unknown}
 E - 3 potions of lignification {unknown}
 G - a potion of berserk rage {unknown}
 H - 2 potions of cancellation {unknown}
Miscellaneous
 B - a lightning rod (4/4)


   Skills:
 * Level 6.5 Fighting
 + Level 6.1 Short Blades
 + Level 5.0 Dodging
 + Level 12.4 Stealth
 + Level 6.2 Spellcasting
 + Level 0.2 Conjurations
 + Level 6.2 Hexes
 + Level 4.4 Ice Magic
 + Level 0.6 Air Magic


You had 5 spell levels left.
You knew the following spells:

 Your Spells              Type           Power      Damage    Failure   Level
a - Ensorcelled Hibernat  Hex/Ice        44%        N/A       2%          2
b - Confusing Touch       Hex            25%        N/A       3%          3
c - Shock                 Conj/Air       24%        1d4       11%         1
d - Slow                  Hex            100%       N/A       1%          1
e - Tukima's Dance        Hex            25%        N/A       3%          3
f - Dazzling Flash        Conj/Hex       30%        N/A       11%         3
g - Vampiric Draining     Necr           5%         2d6       38%         3

Your spell library contained the following spells:

 Spells                   Type           Power      Damage    Failure   Level
 Ignite Poison            Fire/Tmut/Pois 5%         N/A       38%         3
 Sticky Flame             Conj/Fire      5%         2d3       77%         4
 Ignition                 Fire           2%         3d3       100%        8


Dungeon Overview and Level Annotations

Branches:
Dungeon (10/15)            Temple (0/1) D:7
   Lair: D:8-11         Orc: D:9-12

Altars:
Dithmenos
Elyvilon
Kikubaaqudgha
Qazlal
Ru
Uskayaw

Shops:
D:1 ?

Annotations:
D:9 1 transporter, MacCMillion's ghost, novice GnIE


Innate Abilities, Weirdness & Mutations

You are small and have problems with some larger weapons.
You are completely attuned to the shadows.


Message History

You hit something but do no damage. Something draws life force from you!!
* * * LOW HITPOINT WARNING * * *
Something barely misses you. Something closely misses you.
You bump into the rock wall.
Something hits you but does no damage. Something misses you.
You're too confused to move!
Something hits you.
* * * LOW HITPOINT WARNING * * *
Something bites you.
* * * LOW HITPOINT WARNING * * *
Something draws strength from your injuries!
You hit something but do no damage.
Your weapon exudes an aura of protection.
You hear some strange, mumbled words.
You are more confused.
You miss something. You hit something but do no damage. Something misses you.
Something barely misses you.
You hit something but do no damage. Something hits you.
* * * LOW HITPOINT WARNING * * *
Something bites you but does no damage.
You hit something but do no damage.
You feel better. Something hits you but does no damage.
Something barely misses you. Something hits you!
* * * LOW HITPOINT WARNING * * *
Something bites you.
* * * LOW HITPOINT WARNING * * *
Something draws strength from your injuries!
Something barely misses you. x2
An orc comes into view.
It is wielding a +0 mace and wearing a +2 leather armour of cold resistance.
The orc shouts!
You hear a shout! x6
A gnoll comes into view. It is wielding a +0 whip.
An orc priest comes into view. It is wielding a +0 dagger.
You hear a shout!
As you read the scroll of teleportation, it crumbles to dust.
You feel strangely unstable.
You hear a shout!
The orc priest calls down the wrath of Beogh upon you.
Beogh smites you!
You die...

#####################
....................#
.....................
#..........#####....#
#..........# #....#
#...<......# #@....
#..........# #.....
#..........# #..o..
#..........# #.....
#........ #...og


You could see an orc priest, a gnoll and an orc.

Vanquished Creatures
  A two-headed ogre (D:8)
  Maggie (D:9)
  A hornet (D:8)
  Grinder (D:3)
  A wraith (D:9)
  12 yaks
  Edmund (D:6)
  A water moccasin (D:7)
  Duvessa (D:5)
  2 orc warriors (D:8)
  A sky beast (D:8)
  A black bear (D:5)
  A centaur (D:9)
  2 kobold brigands
  2 bullfrogs (D:7)
  3 scorpions
  Dowan (D:5)
  2 hounds (D:5)
  2 orc priests
  A jelly (D:6)
  A sleepcap (D:5)
  An iguana (D:5)
  3 orc wizards
  Robin (D:4)
  9 adders
  A white imp (D:8)
  2 dart slugs
  24 orcs
  3 ball pythons
  2 endoplasms (D:4)
  A giant cockroach (D:1)
  14 goblins
  8 hobgoblins
  8 jackals
  2 quokkas
  6 bats
  7 frilled lizards
  21 kobolds
  4 rats
156 creatures vanquished.

Vanquished Creatures (others)
  2 dancing weapons (D:8)
2 creatures vanquished.

Grand Total: 158 creatures vanquished

Notes
Turn   | Place    | Note
-------+----------+-------------------------------------------
     0 | D:1      | Hajna the Kobold Enchanter began the quest for the Orb.
     0 | D:1      | Reached XP level 1. HP: 10/10 MP: 3/3
   154 | D:1      | Found The Oracle's Delphic Readings.
   202 | D:1      | Reached XP level 2. HP: 15/15 MP: 5/5
   333 | D:1      | Learned a level 2 spell: Ensorcelled Hibernation
   496 | D:1      | Reached XP level 3. HP: 12/19 MP: 2/6
  1003 | D:2      | Found a faded altar of an unknown god.
  1029 | D:2      | Got Plato's Vellum of the Zephyr
  1566 | D:2      | Reached skill level 5 in Stealth
  1743 | D:3      | Reached XP level 4. HP: 24/24 MP: 2/7
  1836 | D:3      | Learned a level 3 spell: Confusing Touch
  1838 | D:3      | Learned a level 1 spell: Shock
  2135 | D:3      | Noticed Grinder
  2144 | D:3      | Killed Grinder
  2145 | D:3      | Reached skill level 7 in Stealth
  2145 | D:3      | Reached XP level 5. HP: 28/28 MP: 5/9
  2145 | D:3      | Reached XP level 6. HP: 32/32 MP: 5/10
  2461 | D:3      | Reached skill level 8 in Stealth
  2567 | D:4      | Noticed Robin
  2659 | D:4      | Reached XP level 7. HP: 24/37 MP: 3/11
  2935 | D:4      | Killed Robin
  2936 | D:4      | Reached skill level 1 in Fighting
  3318 | D:4      | Reached skill level 1 in Ice Magic
  3405 | D:5      | Entered Level 5 of the Dungeon
  3639 | D:5      | Noticed Duvessa
  3642 | D:5      | Noticed Dowan
  3643 | D:5      | Killed Duvessa
  3646 | D:5      | Killed Dowan
  3781 | D:5      | Reached skill level 9 in Stealth
  3781 | D:5      | Reached XP level 8. HP: 40/44 MP: 6/13
  4111 | D:5      | Found a shadowy altar of Dithmenos.
  4155 | D:5      | Became a worshipper of Dithmenos the Shadowed
  4660 | D:6      | Noticed Edmund
  4665 | D:6      | Killed Edmund
  4852 | D:6      | Found a stormy altar of Qazlal.
  5077 | D:6      | You fall into a shaft and drop 3 floors!
  5082 | D:9      | Noticed a wraith
  5095 | D:9      | Noticed Maggie
  5227 | D:7      | Found an ancient bone altar of Kikubaaqudgha.
  5232 | D:7      | Reached skill level 10 in Stealth
  5579 | D:7      | Reached XP level 9. HP: 52/52 MP: 15/15
  5602 | D:7      | Found a staircase to the Ecumenical Temple.
  5761 | D:7      | Learned a level 1 spell: Slow
  5765 | D:7      | Learned a level 3 spell: Tukima's Dance
  5769 | D:7      | Learned a level 3 spell: Dazzling Flash
  5773 | D:7      | Learned a level 3 spell: Vampiric Draining
  6581 | D:7      | Reached skill level 5 in Hexes
  6595 | D:7      | Reached * piety under Dithmenos
  6599 | D:7      | Reached skill level 11 in Stealth
  6603 | D:7      | Reached skill level 5 in Fighting
  6603 | D:7      | Reached skill level 5 in Spellcasting
  6788 | D:8      | Noticed a two-headed ogre
  7085 | D:8      | Reached skill level 5 in Short Blades
  7085 | D:8      | Reached XP level 10. HP: 44/59 MP: 1/18
  7129 | D:8      | Paralysed by a hornet for 2 turns
  7147 | D:8      | Reached skill level 12 in Stealth
  7578 | D:8      | Killed a two-headed ogre
  7725 | D:8      | Found a white marble altar of Elyvilon.
  7768 | D:8      | Found a sacrificial altar of Ru.
  7768 | D:8      | Found a hide-covered altar of Uskayaw.
  7822 | D:9      | Found a transporter.
  7823 | D:9      | Noticed MacCMillion's ghost (novice GnIE)
  7831 | D:9      | Noticed a two-headed ogre
  7833 | D:9      | Noticed a two-headed ogre
  7833 | D:9      | Noticed a two-headed ogre
  7834 | D:9      | Identified the +6 great mace of Udas {flame, rF+ Will++}
  7834 | D:9      | Noticed a two-headed ogre
  7925 | D:9      | Killed Maggie
  7926 | D:9      | Reached skill level 5 in Dodging
  8253 | D:10     | Entered Level 10 of the Dungeon
  8295 | D:10     | Killed from afar by an orc priest

Illustrated notes

Levels and vault maps discovered:
D:1:      ldierk_walled_garden, layout_basic, nicolae_nh_oracle_at_delphi
D:2:      layout_rooms, shapermc_ecumenical_altar_rom_forum,
          dreamdust_wishing_well
D:3:      layout_loops_ring, uniq_grinder
D:4:      layout_rooms, skrybe_limestone_x, uniq_robin
D:5:      layout_basic, grunt_dithmenos_smoke_and_mirrors, uniq_duvessa
D:6:      layout_loops_ring, nicolae_qazlal_scattered_showers,
          serial_bayou_pond_c, uniq_edmund
D:7:      layout_gridville, kiku_gazebo_garden_becter, minmay_temple_entry_mist
D:8:      layout_basic, elyvilon_altar_5, gammafunk_temple_overflow_wave,
          kennysheep_small_spiral
D:9:      layout_basic, gammafunk_ghost_smash, uniq_maggie
D:10:     layout_long_grid, lemuel_round_altar, erik_lair_island, serial_shops,
          shop, grunt_ministairs_12, minmay_fractal_squares_5

Skill      XL: |  1  2  3  4  5  6  7  8  9 10 |
---------------+-------------------------------+-----
Stealth        | 5 7 8 9 10 11 12 | 12.4
Short Blades   | 2 3 5 6 |  6.1
Spellcasting   | 3 4 5 6 |  6.2
Dodging        | 3 4 5 |  5.0
Fighting       | 2 3 5 6 |  6.5
Ice Magic      | 1 2 3 4 |  4.4
Hexes          | 4 5 6 |  6.2
Conjurations   | |  0.2
Air Magic      | |  0.6

Action                     |  1- 3 |  4- 6 |  7- 9 | 10-12 || total
---------------------------+-------+-------+-------+-------++-------
  Melee: Dagger            |    81 |    58 |   174 |   108 ||   421
         Punch             |     1 |       |     2 |     3 ||     6
  Throw: Throwing net      |       |       |       |     1 ||     1
   Cast: Ensorcelled Hiber |     7 |     9 |    68 |    14 ||    98
         Shock             |       |     4 |     6 |       ||    10
         Confusing Touch   |       |     1 |     1 |     1 ||     3
         Slow              |       |       |     3 |     4 ||     7
         Dazzling Flash    |       |       |     1 |     2 ||     3
         Tukima's Dance    |       |       |       |     3 ||     3
    Use: Scroll            |     5 |       |     5 |     1 ||    11
         Potion            |       |       |     1 |     3 ||     4
   Stab: Sleeping          |    21 |    16 |    51 |    12 ||   100
         Confused          |       |     1 |       |     1 ||     2
         Invisible         |       |       |     3 |     1 ||     4
 Armour: Robe              |    11 |    15 |    43 |     5 ||    74
         Steam dragon scal |       |       |       |     9 ||     9
  Dodge: Dodged            |    47 |    33 |   147 |    70 ||   297

Table legend: (Time is in decaauts)
 A = Elapsed time spent in this place.
 B = Non-inter-level travel time spent in this place.
 C = Inter-level travel time spent in this place.
 D = Time resting spent in this place.
 E = Time spent auto-exploring this place.
 F = Levels seen in this place.
 G = Mean time per level.
                   A        B        C        D        E       F      G
               +--------+--------+--------+--------+--------+-----+--------+
         Total |   8255 |   7963 |    292 |      0 |   6400 |  10 |  825.5 |
       Dungeon |   8255 |   7963 |    292 |      0 |   6400 |  10 |  825.5 |
               +--------+--------+--------+--------+--------+-----+--------+

Top non-repeatable levels by time:
     D:7: 1230 daAuts
     D:5: 1104 daAuts
     D:8: 1102 daAuts
     D:1: 1000 daAuts
     D:3: 905 daAuts
     D:4: 901 daAuts
     D:6: 853 daAuts
     D:2: 587 daAuts
     D:9: 535 daAuts
    D:10: 35 daAuts
